 Dungeon Crawl Stone Soup version 0.29-a0-234-g0dae59b3db (webtiles) character file.

Game seed: 3163539518076843416

300 HotDog the Chopper (level 6, -15/53 HPs)
             Began as a Hill Orc Fighter on Mar 2, 2022.
             Demolished by a two-headed ogre
             ... wielding a +0 dire flail
              (17 damage)
             ... on level 5 of the Dungeon.
             The game lasted 00:05:01 (3881 turns).

HotDog the Chopper (Hill Orc Fighter)               Turns: 3881, Time: 00:05:01

Health: -15/53     AC: 12    Str: 21    XL:     6   Next: 36%
Magic:  6/6        EV: 13    Int:  8    God:
Gold:   327        SH:  4    Dex: 10    Spells: 5/5 levels left

rFire   . . .      SeeInvis +   a - +0 war axe
rCold   . . .      Faith    .   c - +0 buckler
rNeg    . . .      Spirit   .   b - +0 scale mail
rPois   .          Reflect  .   o - +1 helmet
rElec   .          Harm     .   k - +0 cloak
rCorr   .          Rampage  +   (no gloves)
Will    .....                   r - +1 pair of boots {rampage}
Stlth   ..........              (no amulet)
HPRegen 0.17/turn               f - +4 ring of evasion
MPRegen 0.10/turn               u - ring of see invisible

@: no status effects
A: no striking features
a: no special abilities


You were on level 5 of the Dungeon.
You visited 1 branch of the dungeon, and saw 6 of its levels.

You collected 327 gold pieces.

Inventory:

Hand Weapons
 a - a +0 war axe (weapon)
Missiles
 t - a throwing net (quivered)
Armour
 b - a +0 scale mail (worn)
 c - a +0 buckler (worn)
 g - a +0 tower shield
 k - a +0 cloak (worn)
 o - a +1 helmet (worn)
 r - a +1 pair of boots of rampaging (worn)
Jewellery
 f - a +4 ring of evasion (left hand)
 u - a ring of see invisible (right hand)
Scrolls
 e - a scroll of magic mapping
 h - a scroll of enchant weapon {unknown}
 m - a scroll of brand weapon {unknown}
 s - a scroll of silence {unknown}
Potions
 d - a potion of might
 i - a potion of attraction
 j - a potion of brilliance
 l - 2 potions of haste
 n - 2 potions of cancellation
 p - a potion of berserk rage {unknown}
 q - 2 potions of curing


   Skills:
 * Level 4.4 Fighting
 * Level 6.3 Axes
 * Level 4.3 Armour
 * Level 1.2 Dodging
 * Level 4.0 Shields


You had 5 spell levels left.
You didn't know any spells.
Your spell library contained the following spells:

 Spells                   Type           Power      Damage    Failure   Level
 Sandblast                Erth           0%         2d4       83%         1
 Passwall                 Tmut/Erth      0%         N/A       92%         2
 Gell's Gravitas          Tloc           0%         N/A       99%         3
 Lesser Beckoning         Tloc           0%         N/A       99%         3
 Stone Arrow              Conj/Erth      0%         3d7       99%         3
 Teleport Other           Tloc           0%         N/A       99%         3
 Animate Armour           Summ/Erth      0%         N/A       100%        4
 Lehudib's Crystal Spear  Conj/Erth      0%         10d2      100%        8


Dungeon Overview and Level Annotations

Branches:
Dungeon (6/15)             Temple (0/1) D:6

Altars:

Shops:
D:2 ?   D:3 (


Message History

The shadow imp hits you but does no damage.
You barely miss the shadow imp. The shadow imp barely misses you.
You barely miss the shadow imp.
The shadow imp shouts, "Quail, thou feeble ruttish clotpole!"
You block the shadow imp's attack.
You barely miss the shadow imp.
The shadow imp hits you but does no damage.
The shadow imp barely misses you.
You slash the shadow imp!
You kill the shadow imp!
Found a book of Geomancy and 14 gold pieces.
Found 5 gold pieces.
You pick up a book of Geomancy and begin reading...
You add the spells Sandblast and Passwall to your library.
You now have 314 gold pieces (gained 14).
You now have 319 gold pieces (gained 5).
Found 8 gold pieces.
You now have 327 gold pieces (gained 8).
Found a crooked smoking staff.
You see here a staff of poison.
You see here a staff of poison.
The two-headed ogre shouts in stereo!
You rampage towards the two-headed ogre!
You slash the two-headed ogre!
The two-headed ogre is lightly wounded.
The two-headed ogre hits you with a +0 dire flail!
The two-headed ogre hits you with a +0 giant club!
You are too injured to fight recklessly!
You are too injured to fight recklessly!
You are too injured to fight recklessly!
You are too injured to fight recklessly!
You slash the two-headed ogre!
The two-headed ogre is moderately wounded.
The two-headed ogre closely misses you. x2
You slash the two-headed ogre!
The two-headed ogre is heavily wounded.
The two-headed ogre hits you with a +0 dire flail!!
* * * LOW HITPOINT WARNING * * *
The two-headed ogre hits you with a +0 giant club!
You die...

##.# ######.......##
##.##.###.........##.#
...##.....####.#####.#
##.######.........##.#
##.# #.####.##.##.#
...# ###.####.##..#(#
##.# #.....##.......##
##.# #.....###..O....#
...# #.....# #.@.....#
##.# #..<..# #.##.##.#
#.# #.....# #.##.##.#
#.# ####### #.##.##.#
##.# #.......# ...#
######.......# #### #
#......##.#### #
####.#.#.####.##.#
###....#....###.##.#


You could see a two-headed ogre.

Vanquished Creatures
  A bullfrog (D:5)
  2 hounds (D:4)
  An iguana (D:5)
  6 adders
  A shadow imp (D:5)
  A worm (D:2)
  A dart slug (D:3)
  8 orcs
  4 bats
  3 endoplasms
  A giant cockroach (D:1)
  4 goblins
  8 hobgoblins
  13 jackals
  3 quokkas
  5 ball pythons
  4 frilled lizards
  3 kobolds
  2 rats
71 creatures vanquished.

Vanquished Creatures (others)
  A fungus (D:2)
1 creature vanquished.

Grand Total: 72 creatures vanquished

Notes
Turn   | Place    | Note
-------+----------+-------------------------------------------
     0 | D:1      | HotDog the Hill Orc Fighter began the quest for the Orb.
     0 | D:1      | Reached XP level 1. HP: 19/19 MP: 1/1
   233 | D:1      | Reached XP level 2. HP: 27/27 MP: 2/2
   272 | D:1      | Reached skill level 3 in Axes
   734 | D:1      | Reached XP level 3. HP: 33/33 MP: 3/3
  1242 | D:2      | Found Xififos's Magic Scroll Shop.
  1503 | D:2      | Found a faded altar of an unknown god.
  2041 | D:3      | Found Vubb's Antique Weapon Shoppe.
  2104 | D:3      | Reached skill level 4 in Axes
  2115 | D:3      | Reached XP level 4. HP: 40/40 MP: 4/4
  2707 | D:4      | Reached skill level 5 in Axes
  2707 | D:4      | Reached XP level 5. HP: 46/46 MP: 5/5
  2717 | D:4      | Reached skill level 1 in Dodging
  3137 | D:5      | Entered Level 5 of the Dungeon
  3159 | D:5      | Reached skill level 6 in Axes
  3159 | D:5      | Reached XP level 6. HP: 39/53 MP: 6/6
  3334 | D:5      | Noticed a two-headed ogre
  3492 | D:6      | Noticed an ice beast
  3492 | D:6      | Noticed a water moccasin
  3881 | D:5      | HP: 2/53 [two-headed ogre/+0 dire flail (19)]
  3881 | D:5      | Demolished by a two-headed ogre

Illustrated notes

Levels and vault maps discovered:
D:1:      wander_arrival_chamber, layout_basic, dk_noncrumbling_2, st_stairs_10
D:2:      layout_rooms, shapermc_ecumenical_altar_ellora, serial_shops,
          nicolae_shop_waterfront
D:3:      layout_basic, serial_shops, nicolae_shop_hallway_plus,
          grunt_ministairs_12
D:4:      layout_cave_pools
D:5:      layout_loops_cross
D:6:      layout_basic, nicolae_tso_carved_into_rock,
          minmay_temple_entry_offerings, portal_sewer_entry_d,
          kennysheep_generic_room_5, uniq_edmund, uniq_eustachio

Skill      XL: |  1  2  3  4  5  6 |
---------------+-------------------+-----
Axes           | 3 4 5 6 |  6.3
Fighting       | 4 |  4.4
Armour         | 4 |  4.3
Dodging        | 1 |  1.2
Shields        | 4 |  4.0

Action                   |  1- 3 |  4- 6 || total
-------------------------+-------+-------++-------
Melee: War axe           |   100 |    94 ||   194
  Use: Scroll            |       |     6 ||     6
Armor: Scale mail        |    70 |    25 ||    95
Dodge: Dodged            |    64 |    65 ||   129
Block: Buckler           |    26 |    21 ||    47

Table legend: (Time is in decaauts)
 A = Elapsed time spent in this place.
 B = Non-inter-level travel time spent in this place.
 C = Inter-level travel time spent in this place.
 D = Time resting spent in this place.
 E = Time spent auto-exploring this place.
 F = Levels seen in this place.
 G = Mean time per level.
                   A        B        C        D        E       F      G
               +--------+--------+--------+--------+--------+-----+--------+
         Total |   3943 |   3588 |    355 |    132 |   2719 |   6 |  657.2 |
       Dungeon |   3943 |   3588 |    355 |    132 |   2719 |   6 |  657.2 |
               +--------+--------+--------+--------+--------+-----+--------+

Top non-repeatable levels by time:
     D:1: 1057 daAuts
     D:2: 870 daAuts
     D:3: 822 daAuts
     D:5: 646 daAuts
     D:4: 496 daAuts
     D:6: 50 daAuts
